APL (24 & UNDER)
ATHENS ASSASSINS @ BEAVERTON BRONZE SOULS
06/29/2027
 
TOP OF THE 1ST
Athens Assassins batting - Pitching for Beaverton Bronze Souls : LHP Gabriel Rodríguez
Pitching: LHP Gabriel Rodríguez
Batting: SHB Emílio Calvillo 0-0: Ball
1-0: Ball
2-0: Ball
3-0: Called Strike
3-1: Swinging Strike
3-2: Strikes out swinging
Batting: RHB Júlio Rodríguez 0-0: Called Strike
0-1: Swinging Strike
0-2: Strikes out swinging
Batting: SHB José Estreito 0-0: Called Strike
0-1: Ball
1-1: Foul Ball, location: 2F
1-2: Ball
2-2: Ball
3-2: Ground out 6-3 (Groundball, 6)
Top of the 1st over - 0 run(s), 0 hit(s), 0 error(s), 0 left on base; Athens 0 - Beaverton 0
BOTTOM OF THE 1ST
Beaverton Bronze Souls batting - Pitching for Athens Assassins : RHP Ole Moree
Pitching: RHP Ole Moree
Batting: RHB Tom Hughes 0-0: Ball
1-0: Ball
2-0: Called Strike
2-1: Foul Ball, location: 2F
2-2: Foul Ball, location: 2F
2-2: Ground out 5-3 (Groundball, 56S)
Batting: RHB Rusty Anderson 0-0: Ground out 5-3 (Groundball, 56S)
Batting: SHB Dawson Fowler 0-0: Called Strike
0-1: Ball
1-1: Ball
2-1: Ball
3-1: Base on Balls
Batting: RHB Carlos Guevara 0-0: Foul Ball, location: 2F
0-1: Ball
1-1: Fielders Choice at 2nd, 6-4 (Groundball, 6)
Bottom of the 1st over - 0 run(s), 0 hit(s), 0 error(s), 0 left on base; Athens 0 - Beaverton 0
TOP OF THE 2ND
Athens Assassins batting - Pitching for Beaverton Bronze Souls : LHP Gabriel Rodríguez
Batting: RHB Jason Erickson 0-0: Called Strike
0-1: Ball
1-1: Swinging Strike
1-2: Ball
2-2: Strikes out swinging
Batting: SHB Félix Montoya 0-0: Called Strike
0-1: Ground out 3-1 (Groundball, 34)
Batting: RHB Alexander Barr 0-0: Ball
1-0: Foul Ball, location: 2F
1-1: Ball
2-1: Ball
3-1: SINGLE (Groundball, 6D)
Batting: RHB Foster Hapgood Pickoff Throw to First - Out!
Top of the 2nd over - 0 run(s), 1 hit(s), 0 error(s), 0 left on base; Athens 0 - Beaverton 0
BOTTOM OF THE 2ND
Beaverton Bronze Souls batting - Pitching for Athens Assassins : RHP Ole Moree
Batting: RHB Juan Becerra 0-0: Called Strike
0-1: Foul Ball, location: 2F
0-2: SINGLE (Line Drive, 6MD)
Batting: RHB David Kerr 0-0: Swinging Strike
0-1: Fly out, F7 (Flyball, 7LM)
Batting: LHB Luis Aragón 0-0: Ball
1-0: Ball
2-0: Called Strike
2-1: Called Strike
Throwing error on steal attempt, E2
Juan Becerra to third
2-2: Foul Ball, location: 2F
2-2: Ball
3-2: Base on Balls
Batting: RHB Joe Brinkman 0-0: 3-RUN HOME RUN (Line Drive, 78XD), Distance : 412 ft
Batting: SHB Alberto Sandoval 0-0: Ball
1-0: Fly out, F9 (Flyball, 89D)
Batting: RHB Tom Hughes 0-0: Called Strike
0-1: Called Strike
0-2: Ground out 6-3 (Groundball, 6)
Bottom of the 2nd over - 3 run(s), 2 hit(s), 1 error(s), 0 left on base; Athens 0 - Beaverton 3
TOP OF THE 3RD
Athens Assassins batting - Pitching for Beaverton Bronze Souls : LHP Gabriel Rodríguez
Batting: RHB Foster Hapgood 0-0: Ball
1-0: Ball
2-0: Ground out 4-3 (Groundball, 4)
Batting: LHB Milo Glenn 0-0: Foul Ball, location: 2F
0-1: Called Strike
0-2: Ball
1-2: Ball
2-2: Foul Ball, location: 2F
2-2: Fly out, F4 (Popup, 4MS)
Batting: RHB Jorge Loanos 0-0: Swinging Strike
0-1: Ball
1-1: Foul Ball, location: 2F
1-2: Strikes out swinging
Top of the 3rd over - 0 run(s), 0 hit(s), 0 error(s), 0 left on base; Athens 0 - Beaverton 3
BOTTOM OF THE 3RD
Beaverton Bronze Souls batting - Pitching for Athens Assassins : RHP Ole Moree
Batting: RHB Rusty Anderson 0-0: Ball
1-0: Ball
2-0: DOUBLE (Line Drive, 89M)
Batting: SHB Dawson Fowler 0-0: Called Strike
0-1: Called Strike
0-2: Ball
1-2: Ground out U3 (Groundball, 3)
Rusty Anderson to third
Batting: RHB Carlos Guevara 0-0: Ball
1-0: SINGLE (Line Drive, 34)
Rusty Anderson scores
Batting: RHB Juan Becerra 0-0: Ball
1-0: Fielders Choice at 2nd, 4-6 (Groundball, 4)
Batting: RHB David Kerr 0-0: Ball
1-0: Foul Ball, location: 2F
1-1: Fly out, F4 (Popup, 34D)
Bottom of the 3rd over - 1 run(s), 2 hit(s), 0 error(s), 1 left on base; Athens 0 - Beaverton 4
TOP OF THE 4TH
Athens Assassins batting - Pitching for Beaverton Bronze Souls : LHP Gabriel Rodríguez
Batting: SHB Emílio Calvillo 0-0: Ball
1-0: Foul Ball, location: 2F
1-1: Called Strike
1-2: SINGLE (Flyball, 7S)
Batting: RHB Júlio Rodríguez 0-0: Ball
1-0: Called Strike
1-1: Swinging Strike
1-2: Ball
2-2: Grounds into double play, 1-6-3 (Groundball, 13S)
Batting: SHB José Estreito 0-0: SINGLE (Line Drive, 7S)
Batting: RHB Jason Erickson 0-0: Ball
1-0: Ball
2-0: Foul Ball, location: 2F
2-1: SINGLE (Line Drive, 9S)
José Estreito to second
Batting: SHB Félix Montoya 0-0: Called Strike
0-1: Foul Ball, location: 2F
0-2: Foul Ball, location: 2F
0-2: Ball
1-2: SINGLE (Groundball, 6D)
José Estreito to third
Jason Erickson to second
Runner from 3rd tries for Home, SAFE, no throw
Batting: RHB Alexander Barr 0-0: Called Strike
0-1: Foul Ball, location: 2F
0-2: Hit by Pitch
Jason Erickson to third
Félix Montoya to second
Pitching: RHP Roberto Deleón
Batting: RHB Foster Hapgood 0-0: Ball
Wild Pitch!
Jason Erickson scores
Félix Montoya to third
Alexander Barr to second
1-0: Swinging Strike
1-1: Ball
2-1: Swinging Strike
2-2: Ball
3-2: Foul Ball, location: 2F
3-2: Base on Balls
Batting: LHB Milo Glenn 0-0: Ball
1-0: Fly out, F7 (Line Drive, 7LM)
Top of the 4th over - 2 run(s), 4 hit(s), 0 error(s), 3 left on base; Athens 2 - Beaverton 4
BOTTOM OF THE 4TH
Beaverton Bronze Souls batting - Pitching for Athens Assassins : RHP Ole Moree
Batting: LHB Luis Aragón 0-0: Called Strike
0-1: Ball
1-1: Fly out, F6 (Line Drive, 56D)
Batting: RHB Joe Brinkman 0-0: Ground out 5-3 (Groundball, 56)
Batting: SHB Alberto Sandoval 0-0: Ball
1-0: Ball
2-0: Ball
3-0: Called Strike
3-1: Ground out 5-3 (Groundball, 56)
Bottom of the 4th over - 0 run(s), 0 hit(s), 0 error(s), 0 left on base; Athens 2 - Beaverton 4
TOP OF THE 5TH
Athens Assassins batting - Pitching for Beaverton Bronze Souls : RHP Roberto Deleón
Batting: RHB Jorge Loanos 0-0: Ball
1-0: Ball
2-0: Called Strike
2-1: Ball
3-1: Base on Balls
Batting: SHB Emílio Calvillo 0-0: Ball
1-0: Ball
2-0: Called Strike
2-1: Foul Ball, location: 2F
2-2: Strikes out swinging
Batting: RHB Júlio Rodríguez 0-0: Ball
1-0: SINGLE (Groundball, 56D)
Jorge Loanos to second
Batting: SHB José Estreito 0-0: Ball
1-0: Ball
2-0: Called Strike
2-1: Foul Ball, location: 2F
2-2: Foul Ball, location: 2F
2-2: Ball
3-2: Strikes out swinging
Batting: RHB Jason Erickson 0-0: Ball
1-0: Swinging Strike
1-1: Ball
2-1: Called Strike
2-2: Ball
3-2: Foul Ball, location: 2F
3-2: Strikes out looking
Top of the 5th over - 0 run(s), 1 hit(s), 0 error(s), 2 left on base; Athens 2 - Beaverton 4
BOTTOM OF THE 5TH
Beaverton Bronze Souls batting - Pitching for Athens Assassins : RHP Ole Moree
Batting: RHB Tom Hughes 0-0: Called Strike
0-1: Ball
1-1: Bunt for hit - play at first, batter safe!
Batting: RHB Rusty Anderson 0-0: Called Strike
0-1: Ball
1-1: Ball
2-1: Foul Ball, location: 2F
2-2: Strikes out looking
Batting: SHB Dawson Fowler 0-0: Ball
1-0: Called Strike
1-1: Swinging Strike
1-2: Ball
2-2: Fly out, F5 (Popup, 5L)
Batting: RHB Carlos Guevara 0-0: Called Strike
0-1: Fly out, F9 (Flyball, 9S)
Bottom of the 5th over - 0 run(s), 1 hit(s), 0 error(s), 1 left on base; Athens 2 - Beaverton 4
TOP OF THE 6TH
Athens Assassins batting - Pitching for Beaverton Bronze Souls : RHP Roberto Deleón
Batting: SHB Félix Montoya 0-0: Called Strike
0-1: Called Strike
0-2: Strikes out swinging
Batting: RHB Alexander Barr 0-0: Called Strike
0-1: Foul Ball, location: 2F
0-2: Fly out, F9 (Flyball, 89M)
Batting: RHB Foster Hapgood 0-0: Ball
1-0: Ball
2-0: Swinging Strike
2-1: Swinging Strike
2-2: Ball
3-2: Strikes out looking
Top of the 6th over - 0 run(s), 0 hit(s), 0 error(s), 0 left on base; Athens 2 - Beaverton 4
BOTTOM OF THE 6TH
Beaverton Bronze Souls batting - Pitching for Athens Assassins : RHP Ole Moree
Batting: RHB Juan Becerra 0-0: Ball
1-0: Ball
2-0: Ball
3-0: Base on Balls
Batting: RHB David Kerr 0-0: Called Strike
0-1: SINGLE (Line Drive, 4MD)
Juan Becerra to second
Batting: LHB Luis Aragón 0-0: SINGLE (Groundball, 34D)
Juan Becerra to third
David Kerr to second
Runner from 3rd tries for Home, throw and OUT!
Batting: RHB Joe Brinkman 0-0: Called Strike
0-1: Fly out, F6 (Popup, 56D)
Batting: SHB Alberto Sandoval 0-0: Ball
1-0: Called Strike
1-1: Ball
2-1: Ball
3-1: Base on Balls
David Kerr to third
Luis Aragón to second
Pitching: RHP Jason Mason
Batting: RHB Tom Hughes 0-0: Ball
1-0: Called Strike
1-1: Ball
2-1: Foul Ball, location: 2F
2-2: Strikes out looking
Bottom of the 6th over - 0 run(s), 2 hit(s), 0 error(s), 3 left on base; Athens 2 - Beaverton 4
TOP OF THE 7TH
Athens Assassins batting - Pitching for Beaverton Bronze Souls : RHP Roberto Deleón
Batting: LHB Milo Glenn 0-0: Ball
1-0: Ball
2-0: SINGLE (Flyball, 9S)
Batting: RHB Jorge Loanos 0-0: Bunted foul
0-1: Bunted foul
0-2: Foul Ball, location: 2F
0-2: Ball
1-2: Ball
2-2: Ground out 5-3 (Groundball, 5S)
Milo Glenn to second
Batting: SHB Emílio Calvillo 0-0: DOUBLE (Line Drive, 9LM)
Milo Glenn scores
Batting: RHB Júlio Rodríguez 0-0: Called Strike
Emílio Calvillo steals 3rd base
0-1: Called Strike
0-2: Ball
1-2: Strikes out swinging
Batting: SHB José Estreito 0-0: Ball
1-0: Called Strike
1-1: Swinging Strike
1-2: Strikes out swinging
Top of the 7th over - 1 run(s), 2 hit(s), 0 error(s), 1 left on base; Athens 3 - Beaverton 4
BOTTOM OF THE 7TH
Beaverton Bronze Souls batting - Pitching for Athens Assassins : RHP Jason Mason
Batting: RHB Rusty Anderson 0-0: Called Strike
0-1: Swinging Strike
0-2: Strikes out swinging
Batting: SHB Dawson Fowler 0-0: Called Strike
0-1: Called Strike
0-2: Strikes out swinging
Batting: RHB Carlos Guevara 0-0: Foul Ball, location: 2F
0-1: Foul Ball, location: 2F
0-2: Ball
1-2: Foul Ball, location: 2F
1-2: Foul Ball, location: 2F
1-2: Ball
2-2: Strikes out swinging
Bottom of the 7th over - 0 run(s), 0 hit(s), 0 error(s), 0 left on base; Athens 3 - Beaverton 4
TOP OF THE 8TH
Athens Assassins batting - Pitching for Beaverton Bronze Souls : RHP Roberto Deleón
Pitching: RHP Ben Hepworth
Batting: RHB Jason Erickson 0-0: Ball
1-0: Ground out 6-3 (Groundball, 6)
Pitching: LHP Mike Stevens
Batting: SHB Félix Montoya 0-0: Ground out 5-3 (Groundball, 5)
Pitching: RHP Juan Sandoval
Batting: RHB Alexander Barr 0-0: Called Strike
0-1: Foul Ball, location: 2F
0-2: Ball
1-2: Foul Ball, location: 2F
1-2: Foul Ball, location: 2F
1-2: Foul Ball, location: 2F
1-2: Ground out 6-3 (Groundball, 56)
Top of the 8th over - 0 run(s), 0 hit(s), 0 error(s), 0 left on base; Athens 3 - Beaverton 4
BOTTOM OF THE 8TH
Beaverton Bronze Souls batting - Pitching for Athens Assassins : RHP Jason Mason
Batting: RHB Juan Becerra 0-0: Ball
1-0: Called Strike
1-1: Ball
2-1: Ball
3-1: Base on Balls
Batting: RHB David Kerr 0-0: Sac Bunt - play at first, batter OUT! 5-4
Juan Becerra to second
Batting: LHB Luis Aragón 0-0: Intentional Walk
Pitching: RHP León Delgado
Pinch Hitting: RHB Chris Hall 0-0: Ball
1-0: Ball
2-0: Grounds into double play, 4-6-3 (Groundball, 34)
Bottom of the 8th over - 0 run(s), 0 hit(s), 0 error(s), 1 left on base; Athens 3 - Beaverton 4
TOP OF THE 9TH
Athens Assassins batting - Pitching for Beaverton Bronze Souls : RHP Juan Sandoval
Pitching: LHP Luis Carbajal
Now at C: Carlos Carrillo
Now at 3B: Chris Hall
Batting: RHB Foster Hapgood 0-0: Called Strike
0-1: Foul Ball, location: 2F
0-2: Hit by Pitch
Pinch Runner at 1st Gunner Allen:
Pinch Hitting: RHB Jimmy King 0-0: Called Strike
0-1: DOUBLE (Line Drive, 8LXD)
Gunner Allen to third
Pinch Hitting: RHB Brady McIntyre 0-0: Called Strike
0-1: Ball
1-1: Foul Ball, location: 2F
1-2: Ball
2-2: Foul Ball, location: 2F
2-2: Strikes out swinging
Pinch Hitting: RHB George Arnold 0-0: Foul Ball, location: 2F
0-1: Swinging Strike
0-2: Foul Ball, location: 2F
0-2: Foul Ball, location: 2F
0-2: Foul Ball, location: 2F
0-2: Strikes out swinging
Batting: RHB Júlio Rodríguez 0-0: SINGLE (Groundball, 56D)
Gunner Allen scores
Jimmy King to third
Runner from 3rd tries for Home, SAFE, no throw
Batting: SHB José Estreito 0-0: Fielders Choice at 2nd, 6-4 (Groundball, 6)
Top of the 9th over - 2 run(s), 2 hit(s), 0 error(s), 0 left on base; Athens 5 - Beaverton 4
BOTTOM OF THE 9TH
Beaverton Bronze Souls batting - Pitching for Athens Assassins : RHP León Delgado
Pitching: RHP Jimmy Banks
Now at C: Luis Méndez
Now at 1B: Emílio García
Now at 2B: James Anderson
Now at 3B: George Flanagan
Now in LF: Gunner Allen
Batting: SHB Alberto Sandoval 0-0: Ball
1-0: Ball
2-0: Foul Ball, location: 2F
2-1: Reached on error, E1 (Groundball, 13)
Batting: RHB Tom Hughes 0-0: Ball
1-0: Fly out, F5 (Line Drive, 5)
Batting: RHB Rusty Anderson 0-0: Foul Ball, location: 2F
0-1: Ball
1-1: Ground out 5-3 (Groundball, 5)
Batting: SHB Dawson Fowler 0-0: Foul Ball, location: 2F
0-1: Ball
1-1: Ball
2-1: Called Strike
2-2: Foul Ball, location: 2F
2-2: Strikes out swinging
Bottom of the 9th over - 0 run(s), 0 hit(s), 1 error(s), 1 left on base; Athens 5 - Beaverton 4
Thursday, March 30th, 2017 - OOTP Baseball 17.12 Build 75